 Dungeon Crawl Stone Soup version 0.23-a0-419-g0174fd8 (webtiles) character file.

37 sl00ts the Slasher (level 3, 0/30 HPs)
             Began as a Centaur Gladiator on Nov 11, 2018.
             Succumbed to an adder's poison
             ... on level 2 of the Dungeon.
             The game lasted 00:02:19 (970 turns).

sl00ts the Slasher (Centaur Gladiator)               Turns: 970, Time: 00:02:19

Health: 0/30       AC:  5    Str: 16    XL:     3   Next: 21%
Magic:  3/3        EV: 15    Int:  7    God:
Gold:   39         SH:  0    Dex: 16    Spells: 2/2 levels left

rFire    . . .     SeeInvis .   a - +0 long sword
rCold    . . .     Gourm    .   (no shield)
rNeg     . . .     Faith    .   b - +0 leather armour
rPois    .         Spirit   .   c - +0 helmet
rElec    .         Reflect  .   (no cloak)
rCorr    .         Harm     .   (no gloves)
MR       .....                  (no barding)
Stlth    ++........             (no amulet)
HPRegen  0.10/turn              (no ring)
MPRegen  0.08/turn              (no ring)

@: agile, lethally poisoned (0 -> -8), very quick
A: large, hooves 3, deformed body, speed 2, tough skin 3
a: no special abilities


You were on level 2 of the Dungeon.
You were not hungry.

You visited 1 branch of the dungeon, and saw 2 of its levels.

You collected 39 gold pieces.

Inventory:

Hand Weapons
 a - a +0 long sword (weapon)
Missiles
 d - 3 throwing nets (quivered)
Armour
 b - a +0 leather armour (worn)
 c - a +0 helmet (worn)
Jewellery
 g - an uncursed ring of protection from fire {unknown}
 m - a +5 ring of intelligence
Scrolls
 e - a scroll of immolation {unknown}
 h - a scroll of enchant armour {unknown}
 i - 2 scrolls of fear {unknown}
 j - a scroll of identify {unknown}
 l - a scroll of remove curse {unknown}
Potions
 k - a potion of agility
Comestibles
 f - 3 rations


   Skills:
 * Level 2.8 Fighting
 * Level 3.3 Long Blades
 - Level 2.2 Throwing
 - Level 2.2 Dodging


You had 2 spell levels left.
You didn't know any spells.
Your spell library was empty.

Dungeon Overview and Level Annotations

Branches:
Dungeon (2/15)

Altars:
Nemelex Xobeh


Innate Abilities, Weirdness & Mutations

You have hooves in place of feet.
Armour fits poorly on your strangely shaped body.
You cover ground very quickly.
You have extremely tough skin. (AC +3)


Message History

You have reached level 3!
Your experience leads to an increase in your attributes!
Increase (S)trength, (I)ntelligence, or (D)exterity?
You feel agile.
* * * LOW HITPOINT WARNING * * *
You feel sick.
It was a potion of agility.
You feel agile all of a sudden.
* * * LOW HITPOINT WARNING * * *
You feel sick.
* * * LOW HITPOINT WARNING * * *
You feel sick.
* * * LOW HITPOINT WARNING * * *
You feel sick.
* * * LOW HITPOINT WARNING * * *
You feel sick.
* * * LOW HITPOINT WARNING * * *
You feel sick.
Okay, then.
You die...

#.#### .#######)...#
.##.............# .#
.#..######.#...## #.
...#####.#.....## ..#
##....$..#......)# #..###
##...#####.#.....##
.....###.#..######.#...###
......#.........@........#
#.)...†..†...##.)#..#.##.#
.#.<.)<##.#.##..#..#.# .#
##...###.#.##..#.##.##.#
##.## #.#.##).._......#
#.# #.#.##..#)##.##.# #.#
##.#.......# .# ...
......†)..## .# ###
#.####.#......#


There were no monsters in sight!

Vanquished Creatures
  An adder (D:2)
  A dart slug (D:2)
  A leopard gecko (D:1)
  An orc (D:2)
  3 goblins (D:1)
  5 hobgoblins
  3 bats
  5 frilled lizards
  6 kobolds (D:1)
  A rat (D:2)
27 creatures vanquished.

Notes
Turn   | Place    | Note
-------+----------+-------------------------------------------
     0 | D:1      | sl00ts the Centaur Gladiator began the quest for the Orb.
     0 | D:1      | Reached XP level 1. HP: 17/17 MP: 1/1
   246 | D:1      | Reached XP level 2. HP: 19/24 MP: 2/2
   248 | D:1      | Reached skill level 3 in Long Blades
   920 | D:2      | Found a sparkling altar of Nemelex Xobeh.
   960 | D:2      | Reached XP level 3. HP: 6/30 MP: 3/3
   968 | D:2      | HP: 1/30 [poisoned by an adder]
   970 | D:2      | Succumbed to an adder's poison

Vault maps used:
D:1:      lemuel_arrival_funnel
D:2:      lemuel_crystal_altar, gammafunk_temple_overflow_wave,
          kennysheep_generic_room_12

Skill      XL: |  1  2 |
---------------+-------+-----
Long Blades    | 3 |  3.3
Fighting       | |  2.8
Throwing       | |  2.2
Dodging        | |  2.2

Action                   || total
-------------------------++-------
Melee: Long sword        ||    60
       Kick              ||     8
  Use: Potion            ||     1
Armor: Leather armour    ||    16
Dodge: Dodged            ||    30
       Rpst.: Long sword ||     6

Table legend:
 A = Non-vault XP
 B = Vault XP
 C = Vault XP percentage of total XP
 D = Non-vault monster count
 E = Vault monster count
 F = Vault count percentage of total count
                 A         B        C        D         E       F
            +---------+---------+-------+---------+---------+-------
      Total |      53 |       0 |   0.0 |      27 |       0 |   0.0
            +---------+---------+-------+---------+---------+-------
        D:1 |      25 |       0 |   0.0 |      18 |       0 |   0.0
        D:2 |      28 |       0 |   0.0 |       9 |       0 |   0.0
            +---------+---------+-------+---------+---------+-------
